Map: Fracture LE

Players

Demented

  • Race: Zerg Zerg
  • League: Platinum
  • Spawn Location: 11:00

blink - Winner!

  • Race: Terran Terran
  • League: Platinum
  • Spawn Location: 5:00

VOD

Have the link to the VOD?

Description

Time

  • Played on: Oct. 20, 2018, 12:59 p.m.
  • Length: 20:32
Show
View Real Time Build Order
Export as new Build Order

Demented Zerg 

Build Orders: Hatch First 

Get SALT Encoding   

  12  0:01  Drone  
  13  0:13  Overlord  
  13  0:17  Drone  
  14  0:32  Drone x2  
  16  0:35  Drone  
  17  0:56  Hatchery, Drone  
  17  0:59  Drone  
  18  1:10  Extractor  
  17  1:14  Spawning Pool  
  17  1:17  Drone  
  17  1:20  Drone  
  18  1:29  Drone  
  19  1:41  Overlord  
  19  2:04  Zergling x4  
  19  2:06  Queen  
  23  2:08  Queen  
  23  2:10  Drone  
  23  2:13  Metabolic Boost  
  27  2:15  Zergling x2  
  27  2:29  Zergling x2  
  28  2:30  Zergling x4  
  30  2:38  Drone  
  30  2:40  Drone  
  32  2:45  Drone  
  33  2:51  Queen  
  33  2:53  Overlord  
  35  3:01  Baneling Nest  
  35  3:02  Drone x2  
  36  3:12  Overlord x2  
  36  3:18  Drone x3  
  38  3:21  Drone  
  38  3:23  Drone  
  38  3:26  Zergling x2  
  41  3:33  Queen  
  43  3:37  Drone  
  43  3:38  Drone  
  43  3:40  Drone  
  46  3:44  Baneling x2  
  46  3:45  Baneling x2  
  46  3:47  Drone  
  47  3:50  Drone  
  48  3:59  Drone  
  48  4:00  Drone x4  
  53  4:12  Roach Warren  
  52  4:20  Extractor  
  52  4:22  Overlord  
  52  4:23  Extractor  
  52  4:24  Drone x3  
  52  4:25  Drone x2  
  52  4:26  Drone  
  52  4:30  Spore Crawler  
  55  4:38  Lair  
  55  4:46  Drone  
  56  4:53  Hatchery  
  56  4:57  Roach x2  
  56  4:58  Roach x4  
  67  5:01  Overlord  
  67  5:13  Overlord  
  67  5:14  Overlord, Spore Crawler  
  66  5:22  Overlord  
  65  5:38  Overseer  
  65  5:44  Drone x2  
  65  5:45  Hydralisk Den  
  65  5:46  Drone x5  
  65  5:47  Infestation Pit, Drone x4  
  74  5:52  Glial Reconstitution  
  74  6:07  Roach x3, Evolution Chamber  
  74  6:08  Roach x4, Evolution Chamber  
  86  6:19  Roach  
  86  6:20  Hydralisk, Roach x3  
  96  6:25  Muscular Augments  
  96  6:33  Queen  
  98  6:44  Hive  
  98  6:54  Overlord  
  98  6:55  Overlord, Extractor  
  98  6:56  Overlord, Extractor  
  98  6:57  Overlord  
  98  6:59  Roach  
  98  7:12  Hydralisk x2  
  98  7:13  Hydralisk x3  
  108  7:30  Drone x2  
  108  7:31  Drone  
  108  7:32  Drone x3  
  108  7:33  Drone x6  
  120  7:42  Zerg Missile Weapons Level 1  
  120  7:43  Zerg Ground Armor Level 1  
  120  7:56  Roach x3  
  120  7:57  Roach x2  
  130  8:04  Hatchery  
  129  8:06  Zergling x2  
  129  8:09  Overlord x3  
  130  8:23  Ultralisk Cavern  
  129  8:27  Grooved Spines  
  129  8:30  Overseer  
  129  8:34  Drone x4  
  129  8:37  Roach  
  129  8:38  Roach x4  
  143  8:43  Zergling x2  
  143  8:44  Zergling x2  
  145  8:54  Overlord x2  
  145  9:03  Zergling x2  
  145  9:04  Overlord x4  
  146  9:14  Zergling x12  
  146  9:15  Zergling x14  
  158  9:20  Ravager x5  
  158  9:21  Ravager x4  
  158  9:23  Roach  
  158  9:24  Roach  
  171  9:26  Queen  
  174  9:31  Drone x3  
  174  9:35  Chitinous Plating  
  176  9:40  Drone  
  176  9:41  Drone x5  
  182  9:48  Zergling x2  
  182  9:49  Zergling x4  
  182  9:50  Baneling x2  
  182  9:51  Baneling x7  
  185  9:55  Hydralisk  
  187  10:06  Drone x3  
  187  10:07  Drone  
  190  10:12  Extractor  
  189  10:14  Extractor  
  185  10:33  Ultralisk  
  185  10:34  Ultralisk  
  197  10:44  Centrifical Hooks  
  197  10:51  Overlord x6  
  197  10:55  Overlord  
  197  10:56  Overlord, Overseer  
  193  11:09  Hatchery, Zergling x8  
  193  11:10  Zergling x2  
  196  11:14  Overlord  
  196  11:15  Overlord  
  196  11:16  Overlord  
  196  11:17  Overlord  
  196  11:18  Overlord  
  196  11:19  Overlord x2  
  196  11:22  Zergling x2  
  196  11:23  Zergling x6  
  166  11:48  Ultralisk x4  
  166  11:49  Hydralisk  
  166  11:50  Hydralisk x2  
  133  12:06  Hydralisk  
  133  12:07  Hydralisk x4  
  121  12:17  Hydralisk x2  
  121  12:18  Hydralisk  
  121  12:20  Zergling x2  
  121  12:21  Zergling x22  
  139  12:28  Pneumatized Carapace  
  139  12:31  Zergling x8  
  139  12:32  Zergling x14  
  150  12:41  Zergling x6  
  153  12:46  Hydralisk x4  
  157  13:08  Hatchery  
  157  13:11  Hydralisk x7  
  166  13:24  Baneling x6  
  166  13:26  Baneling  
  166  13:32  Hydralisk x2  
  170  13:54  Hydralisk x5  
  170  13:55  Hydralisk  
  181  14:16  Hydralisk x6  
  188  14:24  Queen  
  187  14:33  Hydralisk x4  
  187  14:34  Roach  
  187  14:35  Roach  
  198  14:54  Hydralisk x3  
  198  14:55  Hydralisk, Roach x3  
  155  15:12  Spire  
  150  15:15  Drone x3  
  150  15:16  Drone x6  
  159  15:27  Extractor  
  158  15:30  Extractor  
  157  15:36  Hatchery  
  100  15:50  Drone x5  
  100  15:51  Drone x5  
  105  16:04  Queen  
  107  16:14  Zergling x2  
  107  16:15  Zergling x62  
  107  16:16  Zergling x18  
  148  16:18  Overseer x2  
  148  16:22  Zerg Melee Weapons Level 1  
  148  16:33  Corruptor  
  148  16:34  Corruptor x7  
  148  16:37  Extractor  
  148  16:39  Greater Spire  
  163  16:46  Corruptor  
  163  16:53  Corruptor  
  166  16:54  Drone  
  166  16:56  Drone  
  166  16:57  Drone x9  
  166  16:58  Drone  
  179  17:04  Corruptor  
  179  17:05  Corruptor  
  183  17:08  Corruptor  
  185  17:17  Queen  
  187  17:29  Extractor  
  186  17:31  Extractor  
  185  17:52  Brood Lord  
  185  17:53  Brood Lord x2  
  185  17:54  Brood Lord  
  185  17:55  Zergling x6  
  185  17:56  Zergling x4  
  192  18:25  Drone x3  
  192  18:26  Drone x3  
  198  18:30  Corruptor  
  200  18:37  Baneling  
  200  18:38  Baneling x20  
  200  18:39  Baneling x12  
  200  19:12  Overlord x2  
  200  19:13  Overlord x4  
  190  19:26  Corruptor x3  
  190  19:27  Corruptor x2  
  184  19:40  Zergling x2  
  184  19:41  Zergling x4  
  184  19:43  Corruptor x5  
  161  19:47  Zergling x2  
  161  19:48  Zergling x26  
  143  19:54  Zergling x14  
  143  19:55  Zergling x26  
  144  20:02  Zergling x4  
  144  20:09  Overlord x4  
Show
View Real Time Build Order
Export as new Build Order

blink Terran - Winner!

Build Orders: Mech 

Get SALT Encoding   

  12  0:03  SCV  
  13  0:15  SCV  
  14  0:24  Supply Depot  
  14  0:27  SCV  
  15  0:45  SCV  
  15  0:48  Barracks  
  16  0:57  SCV  
  17  1:09  SCV  
  18  1:32  Command Center  
  18  1:37  Supply Depot, SCV  
  18  1:39  Marine  
  20  1:44  Refinery  
  20  1:47  Refinery  
  20  1:50  SCV  
  21  1:58  Marine  
  22  2:02  SCV  
  23  2:14  SCV  
  24  2:16  Marine  
  25  2:25  Supply Depot  
  25  2:26  SCV  
  26  2:35  Factory  
  26  2:38  SCV  
  27  2:55  Engineering Bay  
  27  2:58  Orbital Command  
  27  3:00  Orbital Command  
  27  3:02  Marine  
  28  3:18  Factory Tech Lab  
  28  3:20  Marine  
  28  3:25  Starport  
  29  3:31  SCV  
  30  3:35  Missile Turret  
  30  3:37  SCV  
  31  3:43  Siege Tank, SCV  
  35  3:49  SCV  
  36  4:01  Command Center  
  36  4:05  SCV  
  37  4:10  Viking  
  40  4:17  SCV  
  40  4:33  Siege Tank, Factory  
  43  4:40  SCV  
  44  4:46  Refinery  
  44  4:50  Refinery  
  45  4:52  SCV  
  45  4:55  Viking  
  47  5:01  Supply Depot  
  47  5:03  Hi-Sec Auto Tracking  
  47  5:04  SCV  
  47  5:05  SCV  
  49  5:17  SCV  
  50  5:25  Supply Depot  
  50  5:32  Factory Tech Lab  
  50  5:36  Infernal Pre-Igniter  
  50  5:42  Armory  
  50  5:45  Armory  
  50  5:59  Siege Tank  
  53  6:07  Supply Depot  
  53  6:10  SCV  
  54  6:20  Orbital Command  
  54  6:22  SCV  
  55  6:30  Supply Depot  
  55  6:31  Refinery  
  55  6:32  Refinery, Missile Turret  
  55  6:34  SCV  
  55  6:39  Starport Reactor  
  56  6:42  Terran Ship Weapons Level 1  
  56  6:45  Terran Vehicle Weapons Level 1  
  56  6:46  SCV  
  57  6:49  Thor  
  57  6:52  Supply Depot  
  57  6:53  Missile Turret  
  63  6:56  SCV  
  63  6:58  SCV  
  66  7:08  SCV  
  66  7:09  Thor  
  66  7:13  Liberator  
  66  7:14  Missile Turret, Supply Depot  
  72  7:20  SCV  
  73  7:31  Viking  
  73  7:32  SCV  
  73  7:35  Supply Depot  
  73  7:36  Missile Turret  
  73  7:37  Supply Depot  
  79  7:39  Hellbat  
  81  7:49  SCV  
  82  7:55  SCV  
  83  7:58  SCV  
  83  8:00  Supply Depot  
  83  8:01  SCV  
  83  8:02  Supply Depot  
  85  8:07  SCV  
  85  8:09  Smart Servos  
  85  8:10  SCV  
  87  8:13  SCV  
  87  8:16  Supply Depot, Command Center  
  87  8:19  SCV  
  89  8:23  SCV  
  89  8:25  Supply Depot, SCV  
  91  8:31  SCV  
  91  8:33  Missile Turret  
  92  8:37  SCV  
  93  8:41  Supply Depot  
  93  8:54  Missile Turret  
  91  9:02  Viking  
  91  9:03  Viking  
  91  9:05  Supply Depot  
  91  9:06  Thor, Hellbat  
  103  9:10  Terran Vehicle Weapons Level 2  
  103  9:12  Terran Vehicle And Ship Armor Level 1  
  103  9:17  Factory  
  103  9:20  Missile Turret  
  103  9:23  Factory  
  103  9:28  SCV  
  104  9:32  Viking  
  104  9:36  Siege Tank  
  109  9:40  SCV  
  109  9:41  Missile Turret, SCV  
  111  9:49  Hellbat  
  111  9:52  Supply Depot, SCV  
  114  9:53  SCV  
  115  10:05  SCV  
  116  10:09  Factory Reactor, Hellbat  
  116  10:10  Factory Tech Lab  
  118  10:18  SCV  
  118  10:21  Viking x2  
  123  10:30  SCV  
  124  10:45  Thor  
  124  10:46  Siege Tank x2, Hellbat  
  138  10:51  Viking  
  140  10:58  Starport  
  123  11:14  Hellbat  
  123  11:15  Hellbat  
  127  11:19  Hellbat  
  89  12:01  Liberator x2  
  89  12:10  Siege Tank  
  89  12:11  Siege Tank  
  89  12:12  Thor  
  89  12:14  Hellbat x2  
  105  12:17  Starport Reactor  
  105  12:20  Terran Vehicle Weapons Level 3  
  105  12:21  Terran Vehicle And Ship Armor Level 2  
  111  12:23  Planetary Fortress  
  111  12:35  Hellbat x2  
  115  12:42  Thor x2  
  115  12:43  Liberator  
  127  12:55  Hellbat  
  132  13:25  Refinery  
  132  13:26  Refinery  
  132  13:32  SCV  
  133  13:41  Thor  
  133  13:42  Thor x2  
  133  13:43  Hellbat x2  
  133  13:44  SCV  
  156  13:56  SCV  
  157  14:04  Hellbat x2  
  161  14:25  Hellbat x4  
  161  14:46  Thor x2  
  167  15:01  Liberator  
  167  15:02  Liberator  
  161  15:19  Viking x2  
  145  15:49  Viking  
  119  15:59  Orbital Command  
  119  16:10  Terran Vehicle And Ship Armor Level 3  
  119  16:11  Terran Ship Weapons Level 2  
  119  16:41  Thor x3  
  119  16:44  Hellbat x2  
  141  16:47  Viking x4  
  149  17:05  Hellbat x2  
  153  17:09  Command Center  
  153  17:17  Viking  
  155  17:24  Thor x3  
  155  17:26  Hellbat  
  155  17:27  Hellbat  
  155  17:29  Missile Turret  
  177  17:48  Hellbat x2  
  177  17:50  Missile Turret  
  181  18:07  Hellbat x2  
  181  18:08  Hellbat  
  181  18:11  Missile Turret  
  187  18:27  Viking x4  
  195  18:57  Viking x2  
  155  19:58  Hellbat x2  
  175  20:00  Viking x3  
  175  20:01  Viking  
Tags
 
Composition
Mech
Matchup
TvZ
Spawn Locations
Cross Positions
Add a new tag
Caveats
  • Supply blocks, unpowered buildings, or Contaminate may cause inaccurate times.
  • Supply counts are checked every 10 seconds.